 Dungeon Crawl Stone Soup version 0.19.1-1-g22dce08 (webtiles) character file.

559 Gargoyl the Chopper (level 7, 0/60 HPs)
             Began as a Ghoul Abyssal Knight on Jan 20, 2017.
             Was a Priest of Lugonu.
             Slain by an orc warrior
             ... wielding a +0 scimitar
              (17 damage)
             ... on level 4 of the Dungeon.
             The game lasted 00:07:36 (3326 turns).

Gargoyl the Chopper (Ghoul Abyssal Knight)          Turns: 3326, Time: 00:07:37

Health: 0/60       AC: 16    Str: 16    XL:     7   Next: 31%
Magic:  7/7        EV:  4    Int:  7    God:    Lugonu [***...]
Gold:   180        SH:  3    Dex: 10    Spells: 0 memorised, 6 levels left

rFire  . . .     SeeInvis .     w - +1 hand axe (vamp)
rCold  + . .     Gourm    .     n - +0 plate armour
rNeg   + + +     Faith    .     e - +0 buckler
rPois  ∞         Spirit   .     r - +0 helmet
rElec  .         Reflect  .     m - +0 cloak
rCorr  .         Harm     .     y - +0 pair of gloves
MR     .....                    i - +0 pair of boots
Stlth  ..........               (no amulet)
                                (no ring)
                                (no ring)

@: rotting
A: rotting body, claws 1, carnivore 3, cold resistance 1, negative energy
resistance 3, slow regeneration 1, torment resistance, unbreathing
a: Depart the Abyss, Bend Space, Banish, Renounce Religion


You were on level 4 of the Dungeon.
You worshipped Lugonu.
Lugonu was most pleased with you.
You were not hungry.

You visited 1 branch of the dungeon, and saw 5 of its levels.
You visited the Abyss 1 time.

You collected 180 gold pieces.

Inventory:

Hand Weapons
 a - a +1 hand axe
 g - a +0 war axe
 w - a +1 vampiric hand axe (weapon)
Missiles
 u - 6 tomahawks (quivered)
Armour
 e - a +0 buckler (worn)
 i - a +0 pair of boots (worn)
 m - a +0 cloak (worn)
 n - a +0 plate armour (worn)
 r - a +0 helmet (worn)
 y - a +0 pair of gloves (worn)
Wands
 f - a wand of random effects (22/48)
 t - a wand of lightning (9/15)
 v - a wand of slowing (30/48)
Scrolls
 p - a scroll of teleportation
 z - 2 scrolls of recharging {unknown}
Potions
 b - a potion of lignification {unknown}
 d - a potion of flight {unknown}
 j - a potion of magic
 l - a potion of heal wounds
 o - a potion of curing {unknown}
 s - a potion of degeneration {unknown}
 x - a potion of mutation {unknown}
Comestibles
 c - 5 meat rations
 h - 2 slices of pizza
 k - 2 chunks of flesh
 q - a beef jerky


   Skills:
 + Level 4.8 Fighting
 + Level 5.0 Axes
 + Level 3.4 Armour
 + Level 2.1 Dodging
 + Level 1.0 Shields
 + Level 2.0 Invocations


You had 6 spell levels left.
You didn't know any spells.

Dungeon Overview and Level Annotations

Branches:
Dungeon (5/15)
 Temple: D:4-7

Altars:
Kikubaaqudgha
Okawaru
Sif Muna


Innate Abilities, Weirdness & Mutations

Your body is rotting away.
You thrive on raw meat.
You are immune to poison.
You have sharp fingernails.
You are carnivorous and can eat meat at any time.
Your flesh is cold resistant. (rC+)
You are immune to negative energy. (rN+++)
You regenerate slowly when monsters are visible.
You are immune to unholy pain and torment.
You can survive without breathing.


Message History

You slash the orc warrior!
The orc warrior is severely wounded.
The orc warrior barely misses you.
You hit the orc warrior but do no damage.
The orc warrior is severely wounded.
The orc warrior hits you but does no damage.
Your plate armour prevents you from hitting the orc warrior.
The orc warrior is severely wounded.
The orc warrior hits you with a scimitar.
You hit the orc warrior but do no damage.
The orc warrior is severely wounded.
The orc warrior hits you with a scimitar!
* * * LOW HITPOINT WARNING * * *
You closely miss the orc warrior.
The orc warrior is severely wounded.
The orc warrior hits you but does no damage.
You hit the orc warrior but do no damage.
The orc warrior is severely wounded.
The orc warrior hits you with a scimitar!
You die...

#####
#...........###.#......#
....##
##............##..#....##
.....#
#.............###.##..##
.....#
#..............##.##.##
.....#
#...............##.###
.....#
#...............##.##
.....#
#................#..####
.....#
#......................###
.....#
##.......@o.......####...#
....#####...............##
###..
.......###.............##
##.
#######...........#..###
## ≈≈## ####.....###).## #
≈≈≈# #####.....##### .≈≈#
###..###..# .≈≈#
##......## .≈≈#
#........###


You could see an orc warrior.

Vanquished Creatures
  Sigmund (D:2)
  2 ogres (D:4)
  A hound (D:4)
  An orc wizard (D:4)
  Jessica (D:2)
  3 gnolls (D:4)
  An adder (D:1)
  An adder skeleton (D:4)
  2 worms (D:2)
  3 dart slugs
  4 leopard geckos
  6 orcs
  8 bats
  5 giant cockroaches
  9 goblins
  6 hobgoblins
  6 jackals
  9 kobolds
  A quokka (D:3)
  8 frilled lizards
  26 rats
104 creatures vanquished.

Notes
Turn   | Place    | Note
-------+----------+-------------------------------------------
     0 | Abyss:1  | Gargoyl the Ghoul Abyssal Knight began the quest for the Orb.
     0 | Abyss:1  | Reached XP level 1. HP: 19/19 MP: 1/1
    81 | Abyss:2  | Noticed a thrashing horror
    83 | D:1      | Escaped the Abyss
   115 | D:1      | Reached XP level 2. HP: 26/26 MP: 2/2
   131 | D:1      | Reached * piety under Lugonu
   138 | D:1      | Reached skill level 2 in Axes
   426 | D:1      | Reached XP level 3. HP: 28/32 MP: 3/3
   471 | D:1      | Reached skill level 1 in Dodging
  1027 | D:2      | Reached XP level 4. HP: 33/40 MP: 4/4
  1285 | D:2      | Reached ** piety under Lugonu
  1383 | D:2      | Noticed Jessica
  1387 | D:2      | Killed Jessica
  1387 | D:2      | Reached skill level 3 in Axes
  1572 | D:3      | Noticed Sigmund
  1596 | D:2      | Killed Sigmund
  1596 | D:2      | Reached skill level 4 in Axes
  1596 | D:2      | Reached XP level 5. HP: 45/45 MP: 5/5
  1596 | D:2      | Reached XP level 6. HP: 51/51 MP: 6/6
  1638 | D:3      | Found an iron altar of Okawaru.
  1761 | D:3      | Found an ancient bone altar of Kikubaaqudgha.
  2475 | D:4      | Found a deep blue altar of Sif Muna.
  2609 | D:4      | Reached XP level 7. HP: 43/60 MP: 7/7
  2717 | D:4      | Reached *** piety under Lugonu
  2743 | D:4      | Reached skill level 1 in Shields
  3127 | D:4      | Reached skill level 5 in Axes
  3257 | D:5      | Entered Level 5 of the Dungeon
  3326 | D:4      | Slain by an orc warrior

Skill      XL: |  1  2  3  4  5  6  7 |
---------------+----------------------+-----
Armour         | 2 3 |  3.4
Axes           | 2 4 5 |  5.0
Fighting       | 4 |  4.8
Dodging        | 1 2 |  2.1
Shields        | 1 |  1.0
Invocations    | |  2.0

Action                   |  1- 3 |  4- 6 |  7- 9 || total
-------------------------+-------+-------+-------++-------
Melee: War axe           |   139 |   103 |       ||   242
       Hand axe          |       |    65 |    69 ||   134
Throw: Tomahawk          |       |     2 |     4 ||     6
Invok: Depart the Abyss  |     1 |       |       ||     1
Evoke: Wand              |     2 |       |       ||     2
  Use: Scroll            |     2 |     4 |     1 ||     7
       Potion            |       |     2 |       ||     2
  Eat: Chunk             |    18 |    21 |    10 ||    49
Armor: Leather armour    |    40 |     9 |       ||    49
       Plate armour      |       |   109 |    57 ||   166
Dodge: Dodged            |   111 |    52 |    17 ||   180
Block: Buckler           |       |    27 |     8 ||    35
